 Dungeon Crawl Stone Soup version 0.31-a0-865-g3d5d91748a (webtiles) character file.

Game seed: 8809815679794253000

9576 hito the Mimic (level 11, -30/142 HPs)
             Began as a Purple Draconian Shapeshifter on Oct 10, 2023.
             Was an Elder of Trog.
             Annihilated by an enormous slime creature (37 damage)
             ... on level 10 of the Dungeon on Oct 11, 2023.
             The game lasted 00:25:30 (9928 turns).

hito the Mimic (Purple Draconian Shapeshifter)      Turns: 9928, Time: 00:25:31

Health: -30/142    AC:  9    Str: 18    XL:     11   Next: 24%
Magic:  11/11      EV: 15    Int: 10    God:    Trog [****..]
Gold:   518        SH:  0    Dex: 16    Spells: 10/10 levels left

rFire   . .          .
                       - Unarmed
rCold   + . .        (no shield)
rNeg    . . .        (body armour unavailable)
rPois   +            (helmet restricted)
rElec   +            w - +0 cloak
rCorr   .            m - +0 pair of gloves
SInv    .            (no boots)
Will    +....        (no amulet) Stlth
                     e - ring of protection from cold
HPRegen 0.43/turn    f - ring of Music {rElec rPois Dex+2}
MPRegen 0.12/turn

%: no passive effects
@: berserking, maw-form, very quick
A: devouring maw, breathe power, AC +7, unfitting armour, cold-blooded
a: Breathe Dispelling Energy, Begin Untransformation, Renounce Religion,
Berserk, Trog's Hand, Brothers in Arms


You were on level 10 of the Dungeon.
You worshipped Trog.
Trog was greatly pleased with you.
You were a creature with a mouth for a stomach.
You visited 2 branches of the dungeon, and saw 11 of its levels.
You also visited: Bailey.

You collected 608 gold pieces.
You spent 90 gold pieces at shops.

Inventory:

Hand Weapons
 v - a +1 antimagic dagger
Missiles
 d - 118 stones
 i - 11 boomerangs
 B - 13 poisoned darts
 E - 6 silver javelins
Armour
 m - a +0 pair of gloves (worn)
 w - a +0 cloak (worn)
Jewellery
 e - a ring of protection from cold (left hand)
 f - the ring of Music (right hand) {rElec rPois Dex+2}
   (You acquired it on level 10 of the Dungeon)

   [ring of poison resistance]

   Dex+2:     It affects your dexterity (+2).
   rElec:     It insulates you from electricity.
   rPois:     It protects you from poison
Talismans
 b - a beast talisman
 c - a flux talisman
 x - a maw talisman (active)
Wands
 r - a wand of charming (2)
 G - a wand of mindburst (7)
 H - a wand of flame (10)
Scrolls
 g - 2 scrolls of enchant weapon
 j - 9 scrolls of teleportation
 k - a scroll of immolation
 l - a scroll of vulnerability
 s - a scroll of enchant armour {unknown}
 t - a scroll of blinking
Potions
 a - a potion of lignification
 h - a potion of degeneration {unknown}
 n - 7 potions of curing
 o - 2 potions of haste
 p - 3 potions of attraction
 q - a potion of mutation {unknown}
 z - 2 potions of berserk rage {unknown}
 A - 2 potions of might
 D - 3 potions of heal wounds {unknown}


   Skills:
 + Level 8.5 Fighting
 + Level 6.4 Dodging
 - Level 10.0 Unarmed Combat
 - Level 4.0 Evocations
 - Level 10.0 Shapeshifting


You had 10 spell levels left.
You didn't know any spells.
Your spell library was empty.

Dungeon Overview and Level Annotations

Branches:
Dungeon (10/15)            Temple (1/1) D:4            Lair (0/5) D:8
 Bailey (visited)
    Orc: D:9-12

Altars:
Ashenzari
Cheibriados
Dithmenos
Elyvilon
Fedhas
Gozag
Hepliaklqana
Kikubaaqudgha
Makhleb
Nemelex Xobeh
Okawaru
Qazlal
Ru
Sif Muna
Trog
Uskayaw
Vehumet
Wu Jian
Xom
Yredelemnul
Zin
The Shining One

Shops:
D:9 (

Annotations:
D:3 2 transporters, MathMan16's ghost, amateur MfSh
D:8 2 transporters, beavisfan's ghost, novice OpSh


Innate Abilities, Weirdness & Mutations

You are a creature with a mouth for a stomach.
Your midsection houses a second, enormous mouth.
You can breathe bolts of dispelling energy.
Your rich purple scales are hard. (AC +7)
You cannot fit into any form of body armour.
You are cold-blooded and may be slowed by cold attacks.


Message History

The very large butt creature is heavily wounded.
The very butt slime creature hits you!!
You hit the very large slime creature.
The very large slime creature is heavily wounded.
You hit the very large slime creature.
You butt-slap the very large slime creature.
You bite the very large slime butt!
The very large slime butt is butt-ly wounded.
The very large slime creature barely misses you.
You hit the very large slime creature.
Your butt-slap misses the very large slime creature.
The very large butt butt is heavily wounded.
A slime creature comes into view.
The very large slime creature hits you!!!
Ouch! That really hurt!
* * * LOW HITPOINT WARNING * * *
You hear two shouts!
A red film seems to cover your vision butts you go berserk!
You feel yourself moving faster!
You feel mighty! The very large slime creature hits you!
* * * LOW HITPOINT WARNING * * *
You punch the very large slime creature!
The very large slime creature is heavily wounded.
The very large slime creature hits you!
* * * LOW HITPOINT WARNING * * *
You pummel the very large slime creature!!
The very large slime creature is severely wounded.
You hit the very large slime creature.
Butt tail-slap the very large slime creature!
Your bite misses the very large slime creature.
The very large slime creature is almost dead.
Two slime creatures merge to form an enormous slime creature.
You punch the enormous slime creature! You punch the enormous slime creature!!
You bite the enormous slime creature!!
The enormous slime creature is almost dead.
You punch the butts slime creature!
Your bite misses the enormous slime butt.
The enormous slime creature is almost dead.
The enormous slime creature hits you!!!
You die...

.######. #####
........ ...##
######## ....# #
....##
##############.....
...............# ##
##########.#...# ..
## #..)..###..###.#
.##
#.####.#.#..WJ.#
#.###.# #.########
......# ### #######
#


You could see an enormous slime creature.

Vanquished Creatures
  2 vault guards (Bailey)
  2 two-headed ogres
  A hornet (D:9)
  Prince Ribbit (Bailey)
  Grinder (D:3)
  Sigmund (D:3)
  A shadow (D:9)
  4 yaks (D:10)
  A wyvern (D:9)
  Eustachio (D:4)
  2 steam dragons
  7 humans (Bailey)
  Menkaure (D:4)
  Edmund (D:6)
  A water moccasin (D:9)
  2 orc warriors
  An ice beast (D:5)
  2 sky beasts (D:7)
  5 centaurs
  3 phantoms
  A kobold brigand (D:7)
  16 bullfrogs
  A gnoll sergeant (D:4)
  2 scorpions
  9 wights
  6 howler monkeys
  2 hounds
  2 orc priests
  A jelly (D:6)
  Crazy Yiuf (D:3)
  A sleepcap (D:6)
  2 iguanas
  Natasha (thrice) (D:4)
  7 orc wizards
  Robin (D:2)
  6 gnolls
  9 adders
  A white imp (D:6)
  2 dart slugs (D:1)
  42 orcs
  8 endoplasms
  22 goblins
  13 hobgoblins
  12 kobolds
  2 quokkas
  10 ball pythons
  2 bats
  4 frilled lizards
  9 rats
237 creatures vanquished.

Notes
Turn   | Place    | Note
-------+----------+-------------------------------------------
     0 | D:1      | hito the Draconian Shapeshifter began the quest for the
                  | Orb.
     0 | D:1      | Reached XP level 1. HP: 16/16 MP: 1/1
   147 | D:1      | Reached XP level 2. HP: 23/23 MP: 2/2
   547 | D:1      | Found a faded altar of an unknown god.
   553 | D:1      | Prayed at the altar of an unknown god.
   553 | D:1      | Became a worshipper of Trog the Wrathful
   553 | D:1      | Reached * piety under Trog
   562 | D:1      | Reached XP level 3. HP: 27/29 MP: 3/3
   835 | D:2      | Noticed Robin
   883 | D:2      | Killed Robin
   884 | D:2      | Reached XP level 4. HP: 18/37 MP: 4/4
  1089 | D:2      | Reached ** piety under Trog
  1380 | D:2      | You fall into a shaft and drop 2 floors!
  1387 | D:3      | Noticed Sigmund
  1406 | D:3      | Killed Sigmund
  1407 | D:3      | Reached XP level 5. HP: 37/45 MP: 5/5
  1407 | D:3      | Reached XP level 6. HP: 42/51 MP: 6/6
  1519 | D:2      | Found an ornate altar of the Wu Jian Council.
  1907 | D:3      | Noticed Grinder
  1953 | D:3      | Paralysed by Grinder for 5 turns
  1960 | D:3      | Killed Grinder
  1961 | D:3      | Reached skill level 5 in Unarmed Combat
  1961 | D:3      | Reached skill level 5 in Shapeshifting
  2213 | D:3      | Found a runed translucent door.
  2214 | D:3      | Noticed Crazy Yiuf
  2238 | D:3      | Found a transporter.
  2238 | D:3      | Noticed MathMan16's ghost (amateur MfSh)
  2283 | D:3      | Found a transporter.
  2645 | D:3      | Killed Crazy Yiuf
  2646 | D:3      | Your scales start taking on a rich purple colour.
  2646 | D:3      | Reached XP level 7. HP: 48/57 MP: 7/7
  2827 | D:4      | Noticed Eustachio
  2844 | D:4      | Killed Eustachio
  2942 | D:4      | Noticed Natasha
  2951 | D:4      | Killed Natasha
  3136 | D:4      | Noticed Menkaure
  3150 | D:4      | Killed Menkaure
  3151 | D:4      | Reached XP level 8. HP: 14/67 MP: 8/8
  3336 | D:4      | Found Zin's Purification Station.
  3336 | D:4      | Found a glowing silver altar of Zin.
  3402 | D:4      | Found a staircase to the Ecumenical Temple.
  3486 | D:4      | Noticed Natasha
  3498 | D:4      | Killed Natasha
  3521 | D:4      | Noticed Natasha
  3529 | D:4      | Killed Natasha
  3530 | D:4      | Reached skill level 5 in Fighting
  3708 | D:4      | Reached *** piety under Trog
  3870 | D:4      | Bought a potion of curing for 90 gold pieces
  3896 | Temple   | Entered the Ecumenical Temple
  3905 | D:5      | Entered Level 5 of the Dungeon
  5048 | D:6      | Found a sacrificial altar of Ru.
  5456 | D:6      | Noticed Edmund
  5479 | D:6      | Killed Edmund
  5480 | D:6      | Reached XP level 9. HP: 59/74 MP: 9/9
  6355 | D:7      | Reached skill level 10 in Shapeshifting
  7446 | D:8      | Found a staircase to the Lair.
  7605 | D:8      | Found a sparkling altar of Nemelex Xobeh.
  7607 | D:8      | Found a snail-covered altar of Cheibriados.
  7607 | D:8      | Found a stormy altar of Qazlal.
  7616 | D:8      | Found a basalt altar of Yredelemnul.
  7625 | D:8      | Found an ancient bone altar of Kikubaaqudgha.
  7860 | D:8      | Found a transporter.
  7862 | D:8      | Noticed beavisfan's ghost (novice OpSh)
  7871 | D:8      | Found a transporter.
  7877 | D:8      | Noticed a moth of wrath
  7957 | D:9      | Found Mieval's Antique Weapon Boutique.
  8131 | D:9      | Reached skill level 1 in Evocations
  8269 | D:9      | Reached XP level 10. HP: 66/84 MP: 10/10
  8314 | D:9      | Found an opulent altar of Gozag.
  8317 | D:9      | Noticed a two-headed ogre
  8334 | D:9      | Killed a two-headed ogre
  8628 | D:9      | Reached skill level 5 in Dodging
  8657 | D:9      | Found a shimmering altar of Xom.
  8661 | D:9      | Found an ornate altar of the Wu Jian Council.
  8665 | D:9      | Found a broken altar of Ashenzari.
  9054 | D:10     | Entered Level 10 of the Dungeon
  9184 | D:10     | Identified a scroll of acquirement
  9184 | D:10     | Acquired the ring of Music {rElec rPois Dex+2}
  9222 | D:10     | Reached **** piety under Trog
  9256 | D:10     | Found a burning altar of Makhleb.
  9365 | D:10     | Found a flagged portal.
  9409 | Bailey   | Entered a bailey
  9654 | Bailey   | Reached skill level 10 in Unarmed Combat
  9660 | Bailey   | Noticed Prince Ribbit
  9670 | Bailey   | Killed Prince Ribbit
  9691 | Bailey   | Reached XP level 11. HP: 92/92 MP: 11/11
  9739 | Bailey   | Noticed a vault guard
  9751 | Bailey   | Killed a vault guard
  9785 | Bailey   | Noticed a vault guard
  9795 | Bailey   | Killed a vault guard
  9876 | D:10     | Noticed a two-headed ogre
  9881 | D:10     | Killed a two-headed ogre
  9924 | D:10     | HP: 6/142 [very large slime creature (11)]
  9928 | D:10     | Annihilated by an enormous slime creature

Illustrated notes

Levels and vault maps discovered:
D:1:      dpeg_arrival_tiny_h, layout_basic, ebering_ecumenical_altar_box,
          dreamdust_mushroom_princess, minmay_quantized
D:2:      layout_basic, basic_altar, uniq_robin
D:3:      layout_basic, gammafunk_ghost_mausoleum, uniq_crazy_yiuf_cottage,
          uniq_sigmund, uniq_grinder
D:4:      layout_cave_pools, zin_purify, minmay_temple_entry_hall,
          kennysheep_small_square, uniq_eustachio, uniq_natasha, uniq_menkaure
D:5:      layout_loops_corners, st_stairs_12, nicolae_figureground_pulse
D:6:      layout_basic, nicolae_ru_path_of_blood, minmay_between, uniq_edmund
D:7:      layout_cave_pods, amcnicky_mini_pool_small
D:8:      layout_loops_corners, minmay_overflow_temple_star_hex,
          lair_entry_dummy, gammafunk_ghost_berserking_beasts, minivault_22
D:9:      layout_loops_ring, overflow_temple_1_default, minitemple,
          serial_shops, shop
D:10:     layout_loops_ring, bloody_makhleb, enter_bailey_5, serial_shops, shop,
          hellmonk_ghost_happy_afterlife, dreamdust_gnoll_shepherd
Temple:   hellmonk_temple_micro_hex

Skill      XL: |  1  2  3  4  5  6  7  8  9 10 11 |
---------------+----------------------------------+-----
Fighting       | 2 3 4 5 6 7 8 |  8.5
Unarmed Combat | 4 5 6 7 10 | 10.0
Shapeshifting  | 4 5 6 9 10 | 10.0
Dodging        | 3 4 5 6 |  6.4
Evocations     | 2 4 |  4.0

Action                     |  1- 3 |  4- 6 |  7- 9 | 10-12 || total
---------------------------+-------+-------+-------+-------++-------
  Melee: Unarmed           |   131 |    68 |   332 |   195 ||   726
         Tailslap          |     8 |    10 |    36 |    46 ||   100
         Punch             |     1 |     2 |    21 |    14 ||    38
         Maw               |       |       |    34 |    68 ||   102
  Throw: Dart              |       |       |       |     3 ||     3
 Invoke: Trog's Hand       |       |     2 |       |       ||     2
         Berserk           |       |     1 |     9 |     5 ||    15
         Brothers in Arms  |       |       |       |     1 ||     1
Ability: Breathe Dispellin |       |       |    14 |     4 ||    18
         Begin Untransform |       |       |     1 |       ||     1
  Evoke: Wand              |       |       |       |     4 ||     4
    Use: Scroll            |       |       |     4 |    13 ||    17
   Stab: Sleeping          |       |     1 |       |     1 ||     2
 Armour: Skin              |    82 |    41 |   231 |    94 ||   448
  Dodge: Dodged            |    65 |    22 |   183 |    95 ||   365
         Form:             |     1 |       |       |       ||     1
         Beast             |     1 |       |       |       ||     1
         Maw               |       |       |     1 |       ||     1

Table legend: (Time is in decaauts)
 A = Elapsed time spent in this place.
 B = Non-inter-level travel time spent in this place.
 C = Inter-level travel time spent in this place.
 D = Time resting spent in this place.
 E = Time spent auto-exploring this place.
 F = Levels seen in this place.
 G = Mean time per level.
                   A        B        C        D        E       F      G
               +--------+--------+--------+--------+--------+-----+--------+
         Total |   9957 |   9627 |    330 |   1591 |   5934 |  12 |  829.8 |
       Dungeon |   9530 |   9200 |    330 |   1416 |   5855 |  10 |  953.0 |
        Temple |      1 |      1 |      0 |      0 |      0 |   1 |    1.0 |
        Bailey |    424 |    424 |      0 |    175 |     79 |   1 |  424.0 |
               +--------+--------+--------+--------+--------+-----+--------+

Top non-repeatable levels by time:
     D:9: 1233 daAuts
     D:3: 1157 daAuts
     D:4: 1112 daAuts
     D:6: 1074 daAuts
     D:5: 1017 daAuts
     D:7: 1004 daAuts
     D:8: 971 daAuts
     D:2: 906 daAuts
     D:1: 721 daAuts
  Bailey: 424 daAuts
    D:10: 330 daAuts
  Temple: 1 daAuts
